[Event "36th Belgrade Trophy 2023"]
[Site "Belgrade"]
[Date "2023.11.25"]
[Round "1.1"]
[White "Nenezic, Marko"]
[Black "Stanisavljevic, Ivan"]
[Result "1-0"]
[ECO "D15"]
[WhiteElo "2499"]
[BlackElo "1819"]
[Annotator "RC"]
[PlyCount "65"]
[EventDate "2023.10.23"]
[EventType "swiss"]
[EventCountry "SRB"]
[SourceTitle "playchess.com"]
[Source "ChessBase"]
[SourceQuality "1"]
[TimeControl "40/5400+30:900+30"]

1. d4 d5 2. c4 c6 3. Nf3 Nf6 4. Nc3 a6 5. c5 Bf5 6. Bf4 h6 7. h3 g5 8. Bh2 Nbd7 9. e3 Bg7 10. Bd3 Bxd3 11. Qxd3 O-O 12. O-O Re8 13. Ne5 Nxe5 14. Bxe5 Nd7 15. Bxg7 Kxg7 16. f4 e6 17. e4 dxe4 18. Nxe4 f5 19. Nd6 Qf6 20. Rae1 Re7 21. fxg5 Qg6 22. Rxf5 Rf8 23. Qf3 Rg8 24. gxh6+ Kh8 25. Nf7+ Kh7 26. Ng5+ Kxh6 27. Nf7+ Kh7 28. Rh5+ Kg7 29. Rg5 Rxf7 30. Rxg6+ Kxg6 31. Qg4+ Kh7 32. Qh5+ Kg7 33. Rxe6 1-0

[Event "36th Belgrade Trophy 2023"]
[Site "Belgrade"]
[Date "2023.11.25"]
[Round "1.2"]
[White "Kosovac, Milan"]
[Black "Stojanovic, Mihajlo"]
[Result "0-1"]
[ECO "D20"]
[WhiteElo "1818"]
[BlackElo "2490"]
[Annotator "RC"]
[PlyCount "58"]
[EventDate "2023.10.23"]
[EventType "swiss"]
[EventCountry "SRB"]
[SourceTitle "playchess.com"]
[Source "ChessBase"]
[SourceQuality "1"]
[TimeControl "40/5400+30:900+30"]

1. d4 d5 2. c4 dxc4 3. Nc3 a6 4. a4 Nc6 5. Nf3 Bg4 6. e3 Na5 7. Be2 Bxf3 8. Bxf3 e6 9. O-O c6 10. e4 Nb3 11. Rb1 Nxd4 12. g3 e5 13. Bg2 Bc5 14. Be3 Qe7 15. Bxd4 Bxd4 16. Kh1 Nf6 17. h3 O-O 18. Na2 b5 19. Qc2 Nd7 20. axb5 axb5 21. Nc3 Nc5 22. Ne2 Rfd8 23. f4 Be3 24. Rbd1 Nd3 25. Kh2 Ra2 26. Rb1 Qb4 27. Rf3 Qd2 28. Qxd2 Bxd2 29. fxe5 Rxb2 0-1

[Event "36th Belgrade Trophy 2023"]
[Site "Belgrade"]
[Date "2023.11.25"]
[Round "1.3"]
[White "Bryakin, Mikhail"]
[Black "Rajlic, Boris"]
[Result "1-0"]
[ECO "D72"]
[WhiteElo "2478"]
[BlackElo "1804"]
[Annotator "RC"]
[PlyCount "69"]
[EventDate "2023.10.23"]
[EventType "swiss"]
[EventCountry "SRB"]
[SourceTitle "playchess.com"]
[Source "ChessBase"]
[SourceQuality "1"]
[TimeControl "40/5400+30:900+30"]

1. d4 Nf6 2. c4 g6 3. g3 Bg7 4. Bg2 d5 5. cxd5 Nxd5 6. e4 Nb6 7. Ne2 O-O 8. O-O c5 9. d5 e6 10. Nec3 Na6 11. Bf4 Bd7 12. Na3 exd5 13. exd5 Bf5 14. g4 Qh4 15. h3 Bd7 16. Qd2 Qf6 17. Rad1 Na4 18. Nxa4 Bxa4 19. b3 Bd7 20. Nc4 Qd4 21. Qc1 Qc3 22. Qxc3 Bxc3 23. d6 Nb4 24. Be3 Nxa2 25. Bxc5 Bb4 26. Bxb4 Nxb4 27. Bxb7 Rab8 28. Bg2 Rfd8 29. Rfe1 Bc6 30. Re7 Bxg2 31. Kxg2 Nc6 32. Rc7 Rbc8 33. Rd5 Nb4 34. Rb5 Nc6 35. Rc5 1-0

[Event "36th Belgrade Trophy 2023"]
[Site "Belgrade"]
[Date "2023.11.25"]
[Round "1.4"]
[White "Marjanovic, Marko"]
[Black "Kilic, Eray"]
[Result "0-1"]
[ECO "A08"]
[WhiteElo "1802"]
[BlackElo "2446"]
[Annotator "RC"]
[PlyCount "74"]
[EventDate "2023.10.23"]
[EventType "swiss"]
[EventCountry "SRB"]
[SourceTitle "playchess.com"]
[Source "ChessBase"]
[SourceQuality "1"]
[TimeControl "40/5400+30:900+30"]

1. Nf3 d5 2. b3 Nf6 3. Bb2 c5 4. g3 Nc6 5. Bg2 d4 6. O-O e5 7. d3 Bd6 8. e4 dxe3 9. fxe3 O-O 10. Nbd2 Re8 11. Nc4 Bc7 12. e4 Nd4 13. Nxd4 exd4 14. a4 Rb8 15. Bc1 Ng4 16. Bf4 Bxf4 17. Rxf4 Qg5 18. Qf3 Be6 19. Rf1 f6 20. h4 Qg6 21. Bh3 h5 22. Bxg4 Bxg4 23. Qg2 Rbd8 24. Nd2 Qh6 25. R1f2 b6 26. Nf1 Kh7 27. Nh2 Bc8 28. Qf1 a6 29. Kg2 Rd6 30. g4 Re5 31. Kg3 hxg4 32. Nxg4 Qg6 33. Qh3 f5 34. exf5 Bxf5 35. Kh2 Qh5 36. Kg2 Rg6 37. Rxf5 Rxg4+ 0-1

[Event "36th Belgrade Trophy 2023"]
[Site "Belgrade"]
[Date "2023.11.25"]
[Round "1.5"]
[White "Blagojevic, Dragisa"]
[Black "Valitov, Ilshat"]
[Result "1-0"]
[ECO "E65"]
[WhiteElo "2438"]
[BlackElo "1802"]
[Annotator "RC"]
[PlyCount "99"]
[EventDate "2023.10.23"]
[EventType "swiss"]
[EventCountry "SRB"]
[SourceTitle "playchess.com"]
[Source "ChessBase"]
[SourceQuality "1"]
[TimeControl "40/5400+30:900+30"]

1. d4 Nf6 2. c4 g6 3. Nf3 Bg7 4. g3 d6 5. Bg2 c5 6. Nc3 cxd4 7. Nxd4 O-O 8. O-O Nbd7 9. b3 Qa5 10. Bd2 Qh5 11. e3 Qxd1 12. Rfxd1 Rb8 13. Be1 Ne5 14. f4 Neg4 15. Nc2 Bf5 16. e4 Nxe4 17. Nxe4 Bxa1 18. Rxa1 b5 19. h3 Bxe4 20. Bxe4 Nf6 21. Bd3 bxc4 22. Bxc4 Rbc8 23. Nd4 d5 24. Bf1 Ne4 25. b4 Rc7 26. b5 Rfc8 27. Nc6 a6 28. Ba5 axb5 29. Bxc7 Rxc7 30. Bxb5 Nxg3 31. a4 Ne4 32. a5 Nd6 33. Nd4 Kg7 34. a6 Nc8 35. Bf1 Kf6 36. Nb5 Rd7 37. Bd3 h6 38. h4 g5 39. fxg5+ hxg5 40. Rf1+ Kg7 41. hxg5 d4 42. Rc1 Na7 43. Nxa7 Rxa7 44. Kf2 e5 45. Kf3 f5 46. gxf6+ Kxf6 47. Rc6+ Ke7 48. Rh6 Ra8 49. Be4 Rf8+ 50. Ke2 1-0

[Event "36th Belgrade Trophy 2023"]
[Site "Belgrade"]
[Date "2023.11.25"]
[Round "1.6"]
[White "Bozic, Sasa"]
[Black "Atalik, Suat"]
[Result "0-1"]
[ECO "A46"]
[WhiteElo "1785"]
[BlackElo "2427"]
[Annotator "RC"]
[PlyCount "108"]
[EventDate "2023.10.23"]
[EventType "swiss"]
[EventCountry "SRB"]
[SourceTitle "playchess.com"]
[Source "ChessBase"]
[SourceQuality "1"]
[TimeControl "40/5400+30:900+30"]

1. d4 Nf6 2. Nf3 e6 3. Bg5 Be7 4. Nbd2 c5 5. c3 cxd4 6. cxd4 Nc6 7. e3 h6 8. Bh4 b6 9. Be2 O-O 10. O-O Bb7 11. a3 a6 12. Qb1 d5 13. Rc1 Rc8 14. b4 Ne8 15. Bxe7 Nxe7 16. Ne5 Rxc1+ 17. Qxc1 f6 18. Nef3 Nd6 19. Qf1 Qa8 20. Rc1 Rc8 21. h3 g5 22. a4 a5 23. bxa5 Qxa5 24. Rxc8+ Bxc8 25. Qc1 Qa7 26. Qc2 Bd7 27. Bd1 Be8 28. Qb2 Kg7 29. Qb4 Qc7 30. Be2 Nc6 31. Qc3 Qd8 32. Qb3 Na5 33. Qb4 Qc7 34. Bd3 h5 35. g4 hxg4 36. hxg4 Nf7 37. Be2 Qd6 38. Qxd6 Nxd6 39. Bd1 Ndc4 40. e4 dxe4 41. Nxe4 Nb2 42. Bc2 Nxa4 43. Nd6 Bd7 44. Nd2 Nc3 45. Bd3 Kf8 46. Kf1 Ke7 47. N6c4 Nxc4 48. Bxc4 b5 49. Bb3 b4 50. f3 Nb5 51. d5 Nd4 52. dxe6 Nxb3 53. Nxb3 Bxe6 54. Nd4 b3 0-1

[Event "36th Belgrade Trophy 2023"]
[Site "Belgrade"]
[Date "2023.11.25"]
[Round "1.7"]
[White "Pap, Misa"]
[Black "Stamenkovic, Andjelko"]
[Result "1-0"]
[ECO "B00"]
[WhiteElo "2426"]
[BlackElo "1780"]
[Annotator "RC"]
[PlyCount "77"]
[EventDate "2023.10.23"]
[EventType "swiss"]
[EventCountry "SRB"]
[SourceTitle "playchess.com"]
[Source "ChessBase"]
[SourceQuality "1"]
[TimeControl "40/5400+30:900+30"]

1. e4 b6 2. d4 Bb7 3. Bd3 g6 4. Nf3 d6 5. O-O Nd7 6. Qe2 a6 7. Re1 Bg7 8. c3 e6 9. Nbd2 Ne7 10. Nf1 h6 11. h4 c5 12. Bf4 e5 13. dxe5 dxe5 14. Bg3 O-O 15. a4 Qc7 16. h5 g5 17. Ne3 Rfe8 18. Rad1 Rad8 19. Ng4 Nc8 20. Bxa6 Bxa6 21. Qxa6 c4 22. Rxd7 Rxd7 23. Ngxe5 Qb7 24. Qb5 Rde7 25. Nxc4 Rxe4 26. Rd1 R4e7 27. Kh2 Qe4 28. Ne3 g4 29. Nh4 Re5 30. Bxe5 Bxe5+ 31. g3 Nd6 32. Qb4 Qxb4 33. cxb4 Ne4 34. Nxg4 Bxb2 35. Nxh6+ Kf8 36. Kg2 Nf6 37. N4f5 Nxh5 38. Rd7 Ra8 39. Rxf7+ 1-0

[Event "36th Belgrade Trophy 2023"]
[Site "Belgrade"]
[Date "2023.11.25"]
[Round "1.8"]
[White "Basic, Nemanja"]
[Black "Antic, Dejan"]
[Result "0-1"]
[ECO "A40"]
[WhiteElo "1779"]
[BlackElo "2362"]
[Annotator "RC"]
[PlyCount "52"]
[EventDate "2023.10.23"]
[EventType "swiss"]
[EventCountry "SRB"]
[SourceTitle "playchess.com"]
[Source "ChessBase"]
[SourceQuality "1"]
[TimeControl "40/5400+30:900+30"]

1. d4 e6 2. c4 Bb4+ 3. Nc3 c5 4. d5 Bxc3+ 5. bxc3 Qa5 6. Qc2 Nf6 7. Bg5 Ne4 8. Bd2 f5 9. f3 Nxd2 10. Qxd2 O-O 11. e4 d6 12. Bd3 exd5 13. cxd5 Nd7 14. Ne2 Ne5 15. O-O Bd7 16. Rab1 b5 17. Rb2 fxe4 18. fxe4 Rxf1+ 19. Kxf1 Rf8+ 20. Kg1 Qb6 21. c4 Qd8 22. cxb5 Qf6 23. Rb1 Qf2+ 24. Kh1 Bg4 25. h3 Bxh3 26. gxh3 Nf3 0-1

[Event "36th Belgrade Trophy 2023"]
[Site "Belgrade"]
[Date "2023.11.25"]
[Round "1.9"]
[White "Milosevic, Milos"]
[Black "Boskovic, Dubravko"]
[Result "1-0"]
[ECO "B01"]
[WhiteElo "2362"]
[BlackElo "1773"]
[Annotator "RC"]
[PlyCount "53"]
[EventDate "2023.10.23"]
[EventType "swiss"]
[EventCountry "SRB"]
[SourceTitle "playchess.com"]
[Source "ChessBase"]
[SourceQuality "1"]
[TimeControl "40/5400+30:900+30"]

1. e4 d5 2. exd5 Qxd5 3. Nc3 Qa5 4. d4 c6 5. Bc4 Nf6 6. Bd2 Qc7 7. Qe2 e6 8. Nf3 Be7 9. O-O O-O 10. Rfe1 Rd8 11. Rad1 b5 12. Bd3 h6 13. Ne4 Nbd7 14. Ne5 a6 15. Bf4 Nd5 16. Bg3 Qb7 17. Nxf7 N7f6 18. Nxd8 Bxd8 19. Nd6 Qd7 20. Bg6 Bc7 21. Nxc8 Rxc8 22. Qxe6+ Qxe6 23. Rxe6 Bxg3 24. hxg3 Nh7 25. Rde1 Nf8 26. Re8 Rc7 27. Rxf8+ 1-0

[Event "36th Belgrade Trophy 2023"]
[Site "Belgrade"]
[Date "2023.11.25"]
[Round "1.10"]
[White "Bjelanovic, Nemanja"]
[Black "Mezentsev, Ivan"]
[Result "0-1"]
[ECO "D03"]
[WhiteElo "1750"]
[BlackElo "2362"]
[Annotator "RC"]
[PlyCount "90"]
[EventDate "2023.10.23"]
[EventType "swiss"]
[EventCountry "SRB"]
[SourceTitle "playchess.com"]
[Source "ChessBase"]
[SourceQuality "1"]
[TimeControl "40/5400+30:900+30"]

1. d4 Nf6 2. Nf3 d5 3. Bg5 e6 4. e3 Be7 5. Nbd2 O-O 6. Bd3 b6 7. O-O Bb7 8. Ne5 Ne4 9. Bxe7 Qxe7 10. c3 f6 11. Nef3 Nd7 12. Qc2 f5 13. Rfe1 Kh8 14. Bf1 e5 15. Nxe4 fxe4 16. Nxe5 Nxe5 17. dxe5 c5 18. Rad1 Qxe5 19. Qe2 Rad8 20. g3 Rd6 21. Bg2 Rdf6 22. Rf1 Qe6 23. Rd2 Qf7 24. a3 Bc6 25. Rc1 b5 26. b4 a5 27. Rcc2 Qe7 28. Rb2 Qe5 29. Rdc2 Ra8 30. Qd2 Qe7 31. Ra2 c4 32. Qd4 a4 33. h4 Raf8 34. Kh2 Qf7 35. Kg1 Qh5 36. Ra1 Qf5 37. Raa2 Kg8 38. Qd1 Bd7 39. Qf1 g5 40. hxg5 Rg6 41. Qd1 Rxg5 42. Qd3 h5 43. Qd1 Rf7 44. Kh2 h4 45. gxh4 Rxg2+ 0-1

[Event "36th Belgrade Trophy 2023"]
[Site "Belgrade"]
[Date "2023.11.25"]
[Round "1.12"]
[White "Andjelkovic, Milija"]
[Black "Enkhnar, Enkhbaatar"]
[Result "0-1"]
[ECO "E35"]
[WhiteElo "1737"]
[BlackElo "2327"]
[Annotator "RC"]
[PlyCount "62"]
[EventDate "2023.10.23"]
[EventType "swiss"]
[EventCountry "SRB"]
[SourceTitle "playchess.com"]
[Source "ChessBase"]
[SourceQuality "1"]
[TimeControl "40/5400+30:900+30"]

1. d4 Nf6 2. c4 e6 3. Nc3 Bb4 4. Qc2 d5 5. cxd5 exd5 6. Bg5 h6 7. Bh4 c5 8. dxc5 g5 9. Bg3 Ne4 10. e3 Qa5 11. Nge2 Bf5 12. Be5 O-O 13. Qc1 Nc6 14. Bg3 Nxc5 15. Nd4 Nxd4 16. exd4 Na4 17. Be2 Rfe8 18. Be5 f6 19. Bh5 Qa6 20. Be2 Qc6 21. O-O Bxc3 22. bxc3 fxe5 23. Bh5 Nxc3 24. Qd2 Ne4 25. Qb2 Rf8 26. dxe5 Rac8 27. Rac1 Qb6 28. Qa3 Rxc1 29. Qxc1 Nxf2 30. Rxf2 Bg4 31. Qc2 Rxf2 0-1

[Event "36th Belgrade Trophy 2023"]
[Site "Belgrade"]
[Date "2023.11.25"]
[Round "1.13"]
[White "Martic, Ivan"]
[Black "Andrijevic, Dimitrije"]
[Result "1-0"]
[ECO "C50"]
[WhiteElo "2292"]
[BlackElo "1734"]
[Annotator "RC"]
[PlyCount "62"]
[EventDate "2023.10.23"]
[EventType "swiss"]
[EventCountry "SRB"]
[SourceTitle "playchess.com"]
[Source "ChessBase"]
[SourceQuality "1"]
[TimeControl "40/5400+30:900+30"]

1. e4 e5 2. Nf3 Nc6 3. Bc4 d6 4. c3 Be7 5. d3 Na5 6. Bb5+ c6 7. Ba4 b5 8. Bc2 Nf6 9. O-O O-O 10. Re1 Qc7 11. a4 Bd7 12. Nbd2 a6 13. b4 Nb7 14. a5 c5 15. Bb2 Rac8 16. Rc1 Bg4 17. h3 Bh5 18. d4 exd4 19. cxd4 c4 20. Bc3 d5 21. e5 Ne8 22. Nf1 Bg6 23. Ne3 Bxc2 24. Qxc2 Qd7 25. Qf5 Qe6 26. Nxd5 Qxd5 27. Qxc8 g6 28. e6 f6 29. Qd7 Bd6 30. Ne5 Ng7 31. Nc6 Kh8 1-0

[Event "36th Belgrade Trophy 2023"]
[Site "Belgrade"]
[Date "2023.11.25"]
[Round "1.14"]
[White "Grozdanic, Milan"]
[Black "Popovic, Dragan B"]
[Result "1-0"]
[ECO "A36"]
[WhiteElo "1729"]
[BlackElo "2291"]
[Annotator "RC"]
[PlyCount "69"]
[EventDate "2023.10.23"]
[EventType "swiss"]
[EventCountry "SRB"]
[SourceTitle "playchess.com"]
[Source "ChessBase"]
[SourceQuality "1"]
[TimeControl "40/5400+30:900+30"]

1. e4 c5 2. c4 Nc6 3. Nc3 g6 4. g3 Bg7 5. Bg2 Nf6 6. Nge2 O-O 7. d3 d6 8. O-O a6 9. Rb1 Rb8 10. a3 b5 11. cxb5 axb5 12. b4 Ba6 13. h3 Nd7 14. Be3 Nd4 15. Qd2 Re8 16. Bh6 Bh8 17. Nxd4 cxd4 18. Ne2 Bb7 19. Rbc1 Ra8 20. Qb2 Qb6 21. Rc2 Qa6 22. Rc7 Nb6 23. Bg5 Na4 24. Qb3 e6 25. f4 Qb6 26. Rc2 Nc3 27. Nxc3 dxc3+ 28. Kh2 Qd4 29. f5 Rac8 30. fxe6 fxe6 31. Rcf2 d5 32. Qc2 Be5 33. Rf7 Ba8 34. Rd7 Rf8 35. Qe2 1-0

[Event "36th Belgrade Trophy 2023"]
[Site "Belgrade"]
[Date "2023.11.25"]
[Round "1.15"]
[White "Liu, Zexu"]
[Black "Aydemir, Umut"]
[Result "1-0"]
[ECO "A11"]
[WhiteElo "2286"]
[BlackElo "1722"]
[Annotator "RC"]
[PlyCount "53"]
[EventDate "2023.10.23"]
[EventType "swiss"]
[EventCountry "SRB"]
[SourceTitle "playchess.com"]
[Source "ChessBase"]
[SourceQuality "1"]
[TimeControl "40/5400+30:900+30"]

1. Nf3 d5 2. g3 g6 3. Bg2 Bg7 4. c4 c6 5. Qa4 Qb6 6. O-O Nd7 7. cxd5 Nc5 8. Qc2 cxd5 9. d3 Bd7 10. Nc3 e6 11. Be3 Rc8 12. Rac1 Qd8 13. Qd2 b6 14. d4 Nb7 15. Qd3 Nd6 16. Bf4 Nf5 17. Nb5 Nf6 18. Rxc8 Bxc8 19. Qa3 Qe7 20. Bd6 Nxd6 21. Nxd6+ Kd8 22. Ne5 Qc7 23. Nexf7+ Kd7 24. Nb5 Qb7 25. Qd6+ Ke8 26. Qd8+ Kxf7 27. Nd6# 1-0

[Event "36th Belgrade Trophy 2023"]
[Site "Belgrade"]
[Date "2023.11.26"]
[Round "2.1"]
[White "Javadov, Habil"]
[Black "Nenezic, Marko"]
[Result "0-1"]
[ECO "A48"]
[WhiteElo "2026"]
[BlackElo "2499"]
[Annotator "RC"]
[PlyCount "126"]
[EventDate "2023.10.23"]
[EventType "swiss"]
[EventCountry "SRB"]
[SourceTitle "playchess.com"]
[Source "ChessBase"]
[SourceQuality "1"]
[TimeControl "40/5400+30:900+30"]

1. d4 Nf6 2. Nf3 g6 3. Bf4 Bg7 4. e3 d6 5. h3 O-O 6. Be2 c5 7. c3 Qb6 8. Qb3 Be6 9. Qxb6 axb6 10. a3 cxd4 11. exd4 Nd5 12. Bh2 Nc7 13. Nbd2 b5 14. O-O Nd7 15. Rfe1 Nb6 16. Ng5 Bd5 17. Bf3 Rfe8 18. Bxd5 Ncxd5 19. Ngf3 Bh6 20. Rab1 f6 21. h4 Kf7 22. Re2 Na4 23. Ne4 Red8 24. Rbe1 Rd7 25. Rf1 Nab6 26. Ne1 f5 27. Ng5+ Bxg5 28. hxg5 Rh8 29. Nf3 Rc7 30. Rfe1 Ra8 31. Nd2 b4 32. cxb4 Rac8 33. Nb3 Rc2 34. Kf1 Na4 35. Rxc2 Rxc2 36. Re2 Rxb2 37. Rxb2 Nxb2 38. Na1 Ke6 39. Ke2 f4 40. Kd2 Nc4+ 41. Kd3 Nxa3 42. Ke4 Nxb4 43. Bxf4 d5+ 44. Kf3 Nc6 45. Nb3 b6 46. Bc7 Nc4 47. g4 Kd7 48. Bf4 N4a5 49. Nxa5 bxa5 50. Ke3 Nb4 51. Ke2 Kc6 52. Bd2 Kb5 53. f4 e6 54. Ke3 a4 55. f5 exf5 56. gxf5 gxf5 57. Kf4 Nd3+ 58. Kxf5 Kc4 59. Kf6 a3 60. Kg7 a2 61. Kxh7 a1=Q 62. g6 Qh1+ 63. Kg8 Qg2 0-1

[Event "36th Belgrade Trophy 2023"]
[Site "Belgrade"]
[Date "2023.11.26"]
[Round "2.2"]
[White "Stojanovic, Mihajlo"]
[Black "Kostic, Milutin B"]
[Result "1-0"]
[ECO "B17"]
[WhiteElo "2490"]
[BlackElo "2001"]
[Annotator "ChessBase"]
[PlyCount "71"]
[EventDate "2023.10.23"]
[EventType "swiss"]
[EventCountry "SRB"]
[SourceTitle "playchess.com"]
[Source "ChessBase"]
[SourceQuality "1"]
[TimeControl "40/5400+30:900+30"]

1. e4 c6 2. d4 d5 3. Nc3 dxe4 4. Nxe4 Nd7 5. Nf3 Ngf6 6. Nxf6+ Nxf6 7. c3 Bg4 8. h3 Bxf3 9. Qxf3 Qd5 10. Be2 e6 11. Qg3 Rd8 12. Bf3 Qb5 13. a4 Qb3 14. O-O Be7 15. Qxg7 Rg8 16. Qh6 Rxd4 17. Ra3 Bxa3 18. Qxf6 Rd5 19. Qh6 Bxb2 20. Qxh7 Rg6 21. Qh8+ Ke7 22. Qh4+ Ke8 23. Bxb2 Qxb2 24. Bxd5 cxd5 25. Qd4 b6 26. Re1 Qb3 27. h4 Qa3 28. h5 Rh6 29. g4 Qc5 30. Qf4 Qxc3 31. Rc1 Qg7 32. Rc8+ Ke7 33. Rc7+ Ke8 34. Rxa7 e5 35. Qf5 Re6 36. Qxe6+ 1-0

[Event "36th Belgrade Trophy 2023"]
[Site "Belgrade"]
[Date "2023.11.26"]
[Round "2.3"]
[White "Mensing, Adrian"]
[Black "Bryakin, Mikhail"]
[Result "0-1"]
[ECO "E05"]
[WhiteElo "2022"]
[BlackElo "2478"]
[Annotator "RC"]
[PlyCount "94"]
[EventDate "2023.10.23"]
[EventType "swiss"]
[EventCountry "SRB"]
[SourceTitle "playchess.com"]
[Source "ChessBase"]
[SourceQuality "1"]
[TimeControl "40/5400+30:900+30"]

1. d4 Nf6 2. c4 e6 3. g3 d5 4. Bg2 dxc4 5. Nf3 Bb4+ 6. Bd2 Be7 7. O-O O-O 8. Qc2 a6 9. a4 Bd7 10. Bf4 Bc6 11. Qxc4 a5 12. Nc3 Nbd7 13. Rfd1 Nb6 14. Qb3 Nfd5 15. Bd2 Nxc3 16. Bxc3 Qd5 17. Qxd5 exd5 18. Ne5 Bxa4 19. Rdc1 c6 20. Nd3 Bb5 21. Bxa5 Na4 22. Bc7 Bxd3 23. exd3 Nxb2 24. Rab1 Rfc8 25. Bb6 Nxd3 26. Rc3 Nb4 27. Bh3 Rf8 28. Bc7 Na2 29. Rc2 Ra7 30. Bb6 Ra4 31. Bc7 b5 32. Bb6 Rb8 33. Bc7 Rba8 34. Re2 Nc3 35. Rxe7 Nxb1 36. Bd7 Rc4 37. Bd6 h6 38. Be8 Rxe8 39. Rxe8+ Kh7 40. Bc5 Nd2 41. Re3 Ne4 42. Bb6 Rc1+ 43. Kg2 Rc2 44. Kg1 Nxf2 45. Rf3 Nh3+ 46. Kh1 Ng5 47. Rf1 f6 0-1

[Event "36th Belgrade Trophy 2023"]
[Site "Belgrade"]
[Date "2023.11.26"]
[Round "2.4"]
[White "Kilic, Eray"]
[Black "Bayasgalan, Khishigbaatar"]
[Result "1-0"]
[ECO "B13"]
[WhiteElo "2446"]
[BlackElo "1985"]
[Annotator "RC"]
[PlyCount "89"]
[EventDate "2023.10.23"]
[EventType "swiss"]
[EventCountry "SRB"]
[SourceTitle "playchess.com"]
[Source "ChessBase"]
[SourceQuality "1"]
[TimeControl "40/5400+30:900+30"]

1. d4 d5 2. Nc3 Nf6 3. Bf4 c5 4. e3 cxd4 5. exd4 e6 6. Nb5 Na6 7. Nf3 Be7 8. c3 O-O 9. Bd3 Bd7 10. a4 Ne4 11. h4 Bxb5 12. axb5 Nc7 13. Ng5 Nf6 14. Bc2 Bd6 15. Be5 Nce8 16. Qd3 g6 17. h5 Bxe5 18. dxe5 Ne4 19. Nxe4 dxe4 20. Qxd8 Rxd8 21. Bxe4 Nc7 22. Rxa7 Ra8 23. Rxa8 Rxa8 24. Kd2 Nxb5 25. Bxb7 Rb8 26. Be4 Rc8 27. h6 f6 28. Bd3 Nc7 29. Rh4 Nd5 30. Bc4 Rd8 31. exf6 Nb6+ 32. Kc2 Kf7 33. Re4 Rd6 34. f4 Kxf6 35. Bd3 Nd5 36. g3 Ne7 37. Re5 Nc6 38. Rc5 Ne7 39. Be4 Ra6 40. b4 Ra2+ 41. Kb3 Re2 42. Rc4 Re3 43. b5 Nf5 44. Bxf5 gxf5 45. b6 1-0

[Event "36th Belgrade Trophy 2023"]
[Site "Belgrade"]
[Date "2023.11.26"]
[Round "2.5"]
[White "Cetkovic, Miodrag"]
[Black "Blagojevic, Dragisa"]
[Result "0-1"]
[ECO "C51"]
[WhiteElo "2017"]
[BlackElo "2438"]
[Annotator "RC"]
[PlyCount "101"]
[EventDate "2023.10.23"]
[EventType "swiss"]
[EventCountry "SRB"]
[SourceTitle "playchess.com"]
[Source "ChessBase"]
[SourceQuality "1"]
[TimeControl "40/5400+30:900+30"]

1. e4 e5 2. Bc4 Nc6 3. Nf3 Bc5 4. b4 Bxb4 5. c3 Be7 6. d4 Na5 7. Nxe5 Nxc4 8. Nxc4 d5 9. exd5 Qxd5 10. Ne3 Qd7 11. O-O Nf6 12. Re1 O-O 13. Nd2 b6 14. Qf3 Rb8 15. Ndc4 Bb7 16. Qf5 Qc6 17. Bb2 Rfe8 18. a4 g6 19. Qb5 Qe6 20. Qe5 Qd7 21. Qb5 Qe6 22. Qe5 Qxe5 23. Nxe5 Ne4 24. N5c4 Bh4 25. g3 Bf6 26. Ng4 Bg7 27. f4 Re6 28. Nf2 Rbe8 29. Nxe4 Rxe4 30. Rxe4 Rxe4 31. Kf2 a5 32. Nd2 Re8 33. Nc4 f6 34. Ne3 Kf7 35. c4 f5 36. Nd5 Re4 37. Rc1 Bxd4+ 38. Bxd4 Rxd4 39. Nxc7 Rd2+ 40. Ke3 Rxh2 41. Rb1 Rg2 42. Rxb6 Rxg3+ 43. Kd4 Be4 44. Nd5 Rd3+ 45. Ke5 Bxd5 46. cxd5 Re3+ 47. Kd6 Re4 48. Kc7 Rxf4 49. d6 Rd4 50. Rb5 Rc4+ 51. Kd7 0-1

[Event "36th Belgrade Trophy 2023"]
[Site "Belgrade"]
[Date "2023.11.26"]
[Round "2.6"]
[White "Atalik, Suat"]
[Black "Zoric, Savo"]
[Result "1-0"]
[ECO "A87"]
[WhiteElo "2427"]
[BlackElo "1952"]
[Annotator "RC"]
[PlyCount "87"]
[EventDate "2023.10.23"]
[EventType "swiss"]
[EventCountry "SRB"]
[SourceTitle "playchess.com"]
[Source "ChessBase"]
[SourceQuality "1"]
[TimeControl "40/5400+30:900+30"]

1. d4 f5 2. g3 Nf6 3. Bg2 g6 4. Nf3 Bg7 5. O-O O-O 6. c4 d6 7. Nc3 Qe8 8. b4 c6 9. Ba3 Na6 10. b5 Nc7 11. Rb1 cxb5 12. Nxb5 Nxb5 13. Rxb5 Ne4 14. Qd3 b6 15. Ng5 Bd7 16. Nxe4 fxe4 17. Bxe4 Bxb5 18. Bxa8 Qxa8 19. cxb5 Qd5 20. Rc1 Qxa2 21. Qc4+ Qxc4 22. Rxc4 Rf5 23. Rb4 Kf7 24. Bb2 Bh6 25. f4 Ke6 26. e4 Rf8 27. d5+ Kd7 28. Ra4 Ra8 29. Bd4 Kc7 30. Kg2 Kb7 31. Rc4 Rg8 32. Kf3 g5 33. Rc2 Bg7 34. Bxg7 Rxg7 35. f5 Rf7 36. g4 a6 37. bxa6+ Kxa6 38. e5 Kb7 39. Ke4 dxe5 40. Kxe5 Rf6 41. h4 h6 42. hxg5 hxg5 43. Kd4 Rh6 44. Re2 1-0

[Event "36th Belgrade Trophy 2023"]
[Site "Belgrade"]
[Date "2023.11.26"]
[Round "2.7"]
[White "Oliinyk, Serafim"]
[Black "Pap, Misa"]
[Result "0-1"]
[ECO "C47"]
[WhiteElo "1990"]
[BlackElo "2426"]
[Annotator "RC"]
[PlyCount "144"]
[EventDate "2023.10.23"]
[EventType "swiss"]
[EventCountry "SRB"]
[SourceTitle "playchess.com"]
[Source "ChessBase"]
[SourceQuality "1"]
[TimeControl "40/5400+30:900+30"]

1. e4 e5 2. Nf3 Nc6 3. Nc3 Nf6 4. d4 exd4 5. Nxd4 Bc5 6. Be3 Bb6 7. Qd2 Ng4 8. Nf5 Nxe3 9. Nxe3 O-O 10. O-O-O d6 11. Ned5 Be6 12. h4 Ba5 13. Qf4 Ne5 14. Qg3 c6 15. Nf4 Qf6 16. Nfe2 Ng4 17. f3 Ne3 18. Rd3 Nxf1 19. Rxf1 Bc4 20. Rxd6 Bc7 21. Rxf6 Bxg3 22. Rf5 Bxh4 23. Rh5 Be7 24. Rd1 Rad8 25. Rhh1 Bc5 26. Kb1 g6 27. b3 Ba6 28. Nc1 h5 29. Nd3 Bd4 30. Na4 b6 31. c4 Bb7 32. Kc2 Kg7 33. Nc3 a6 34. a4 a5 35. Ne2 Be3 36. Nc3 Rfe8 37. Rhe1 Bd4 38. Ne2 Bf6 39. Nc3 Bh4 40. Rh1 Be7 41. Ne2 Bd6 42. Rhe1 Bc8 43. Nef4 Bc7 44. Ne2 f5 45. Nc3 fxe4 46. Nxe4 Bf5 47. Kc3 c5 48. Kc2 Rd4 49. Ndf2 Bg3 50. Kc3 Bxe4 51. Nxe4 Bxe1+ 52. Rxe1 g5 53. Kc2 Kg6 54. Re2 g4 55. Re1 h4 56. Rh1 gxf3 57. gxf3 Rexe4 58. fxe4 Rxe4 59. Kd3 Kf5 60. Rg1 Rg4 61. Rf1+ Rf4 62. Rh1 Kg4 63. Rg1+ Kf3 64. Rf1+ Kg3 65. Rg1+ Kf2 66. Rg6 h3 67. Rh6 Rf3+ 68. Kd2 Rxb3 69. Rf6+ Kg2 70. Ke2 h2 71. Rf2+ Kg3 72. Rf1 Rc3 0-1

[Event "36th Belgrade Trophy 2023"]
[Site "Belgrade"]
[Date "2023.11.26"]
[Round "2.8"]
[White "Antic, Dejan"]
[Black "Zmijanac, Dusko"]
[Result "1-0"]
[ECO "D15"]
[WhiteElo "2362"]
[BlackElo "1938"]
[Annotator "RC"]
[PlyCount "45"]
[EventDate "2023.10.23"]
[EventType "swiss"]
[EventCountry "SRB"]
[SourceTitle "playchess.com"]
[Source "ChessBase"]
[SourceQuality "1"]
[TimeControl "40/5400+30:900+30"]

1. d4 d5 2. c4 c6 3. Nf3 Nf6 4. Nc3 a6 5. a4 g6 6. a5 Bg7 7. e3 O-O 8. Be2 Bg4 9. Qb3 Ra7 10. O-O e6 11. h3 Bxf3 12. Bxf3 Nbd7 13. Rd1 b5 14. axb6 Qxb6 15. Qxb6 Nxb6 16. c5 Nbd7 17. Be2 Rfa8 18. Bd2 Ne8 19. Na4 e5 20. Ba5 Rb8 21. Nb6 Kf8 22. Bxa6 Ke7 23. Nc8+ 1-0